 Dungeon Crawl Stone Soup version 0.21-a0-265-gb353147 (webtiles) character file.

184750 snldv the Warrior (level 18, -3/169 HPs)
             Began as a Hill Orc Fighter on Sept 8, 2017.
             Was a High Priest of the Shining One.
             Slain by a wolf spider (13 damage)
             ... on level 3 of the Spider Nest on Sept 11, 2017.
             The game lasted 02:17:30 (41543 turns).

snldv the Warrior (Hill Orc Fighter)               Turns: 41543, Time: 02:17:31

Health: -3/169     AC: 14    Str: 27      XL:     18   Next: 42%
Magic:  1/30       EV: 16    Int:  7 (8)  God:    the Shining One [*****.]
Gold:   2740       SH: 16    Dex:  9 (10) Spells: 17/17 levels left

rFire    . . .     SeeInvis .   q - +9 scimitar (holy)
rCold    + . .     Gourm    .   c - +0 shield
rNeg     + + .     Faith    .   U - +0 swamp dragon scales
rPois    +         Spirit   .   s - +2 helmet
rElec    .         Reflect  +   w - +2 cloak
rCorr    .         Harm     .   (no gloves)
MR       ++...                  G - +2 pair of boots
Stlth    ..........             T - +2 amulet of reflection
HPRegen  0.38/turn              t - ring of protection from magic
MPRegen  0.22/turn              x - ring of protection from cold

@: lethally poisoned (-3 -> -88), about to teleport, corroded, berserk cooldown,
slowed, glowing, very slow
A: no striking features
a: Divine Shield, Cleansing Flame, Summon Divine Warrior, Renounce Religion


You were on level 3 of the Spider Nest.
You worshipped the Shining One.
The Shining One was extremely pleased with you.
You were not hungry.

You visited 6 branches of the dungeon, and saw 31 of its levels.
You also visited: Ice Cave and Volcano.

You collected 2740 gold pieces.

Inventory:

Hand Weapons
 b - a +1 great sword of flaming
 q - a +9 scimitar of holy wrath (weapon)
 F - a +3 fustibalus
 M - a +0 triple crossbow
Missiles
 D - 3 javelins (quivered)
 O - 3 throwing nets
Armour
 c - a +0 shield (worn)
 s - a +2 helmet (worn)
 u - a +6 plate armour
 v - a +2 chain mail of fire resistance
 w - a +2 cloak (worn)
 G - a +2 pair of boots (worn)
 L - a +2 pair of gloves
 R - a +1 pair of gloves
 U - +0 swamp dragon scales (worn)
Jewellery
 t - a ring of protection from magic (left hand)
 x - a ring of protection from cold (right hand)
 T - a +2 amulet of reflection (around neck)
 Z - an uncursed ring of ice
Wands
 g - a wand of lightning (9/15)
 k - a wand of paralysis (12/24)
 n - a wand of acid (0/15)
 y - a wand of iceblast (0/15)
 A - a wand of digging (12/24)
 V - a wand of iceblast (8/15)
 W - a wand of iceblast (0/15)
 X - a wand of polymorph (19/24)
Scrolls
 a - a scroll of enchant weapon
 d - 5 scrolls of fear
 e - 7 scrolls of identify
 i - 6 scrolls of teleportation
 l - 2 scrolls of amnesia
 o - 6 scrolls of recharging
 p - 2 scrolls of immolation
 J - 3 scrolls of enchant armour
 N - 8 scrolls of remove curse
 P - a scroll of fog
 S - a scroll of silence
Potions
 m - 2 potions of ambrosia
 r - 4 potions of mutation
 z - a potion of cancellation {unknown}
 B - 2 potions of brilliance
 C - a potion of agility
 H - 4 potions of magic
 I - a potion of curing
 Y - 2 potions of resistance
Books
 Q - a book of Beasts

   Spells                             Type                      Level
   a - Summon Butterflies             Summoning                    1
   b - Call Canine Familiar           Summoning                    3
   c - Summon Ice Beast               Ice/Summoning                4
   d - Summon Mana Viper              Hexes/Summoning              5
   e - Summon Hydra                   Summoning                    7
Comestibles
 f - 9 bread rations
 h - 26 fruits
 j - a meat ration
 K - 13 royal jellies


   Skills:
 + Level 17.0 Fighting
 - Level 14.1 Long Blades
 - Level 14.8 Armour
 + Level 10.8 Dodging
 - Level 15.0 Shields
 + Level 16.6 Invocations


You had 17 spell levels left.
You didn't know any spells.

Dungeon Overview and Level Annotations

Branches:
Dungeon (15/15)            Temple (1/1) D:7            Lair (6/6) D:11
  Swamp (4/4) Lair:3       Spider (3/4) Lair:3        Slime (0/5) Lair:5
    Orc (2/2) D:9             Elf (0/3) Orc:2        Vaults (0/5) D:13
 Depths (0/5) D:15

Altars:
Ashenzari
Cheibriados
Dithmenos
Elyvilon
Gozag
Hepliaklqana
Makhleb
Okawaru
Qazlal
Ru
Trog
Wu Jian
Xom
Yredelemnul
Zin
The Shining One
Beogh

Shops:
D:8 ((:*   Orc:2 (=*

Portals:
Trove: D:10 (give 19 potions of curing)

Annotations:
D:3 1 runed door
Lair:5 exclusion: 3 oklob plants
Swamp:2 exclusion: oklob plant
Swamp:3 exclusion: 2 downstairs
Swamp:4 Lernaean hydra
Spider:3 Donald


Message History

The redback completely misses you.
You see here a redback corpse.
You feel a strong urge to attack something.
You are no longer berserk.
You are exhausted.
You feel yourself slow down.
* * * LOW HITPOINT WARNING * * *
You feel very sick. The redback bites you!
* * * LOW HITPOINT WARNING * * *
You see here a ghost moth corpse.
As you read the scroll of teleportation, it crumbles to dust.
You feel strangely unstable.
* * * LOW HITPOINT WARNING * * *
You feel extremely sick. You block the redback's attack. The redback bites you.
* * * LOW HITPOINT WARNING * * *
The redback misses you. The redback completely misses you.
The wolf spider hits you!
You die...

####.....####.# ...
#.###.....†?..#### #..
...###...........##.#
...###.......†.....###
...##.#..............#
#....##........†.....#
....###^............##
#.### #..........s..##
.## ##........@s†..#
## ###.......s..#.@...
# ##.......#.# #...
#......##.# @ .......
#....... .# .......#
..#########.
..........^ #
........## ........##


You could see Donald, a wolf spider and 2 redbacks.

Vanquished Creatures
  Jorgrun (Spider:2)
  3 thorn hunters (Swamp:2)
  An orc warlord (Orc:1)
  2 ghost moths
  Aizul (Swamp:4)
  2 entropy weavers
  The ghost of Syneil the Severer, a journeyman HOFi of Beogh (IceCv)
  Fannar (Lair:3)
  Harold (D:9)
  A fire dragon (Lair:6)
  A catoblepas (D:13)
  2 vault guards
  28 hydras
  8 alligators
  7 centaur warriors
  10 two-headed ogres
  An ogre mage (D:15)
  2 death yaks (Lair:3)
  2 tengu warriors
  An orc high priest (Orc:1)
  Sonja (D:14)
  A fire crab (D:13)
  7 skeletal warriors
  A deep troll (shapeshifter) (D:15)
  3 unseen horrors
  9 swamp dragons
  A glowing orange brain (D:15)
  4 shambling mangroves
  An anaconda skeleton (Volcano)
  6 lindwurms
  18 wolf spiders
  6 ugly things
  A necromancer (IceCv)
  8 orc sorcerers
  5 orb spiders
  8 orc knights
  2 manticores
  6 cyclopes
  5 elephants (Lair:4)
  An ice statue (IceCv)
  4 black mambas
  4 gargoyles
  4 torpor snails
  4 centaur skeletons
  3 molten gargoyles (Lair:6)
  17 spiny frogs
  11 komodo dragons
  10 freezing wraiths (IceCv)
  A redback zombie (D:13)
  8 demonic crawlers
  A yaktaur (shapeshifter) (D:15)
  6 meliai
  6 trolls
  19 jumping spiders
  5 tyrant leeches
  A tengu conjurer (D:15)
  18 hornets
  A polar bear (Lair:5)
  5 bog bodies
  23 blink frogs
  A harpy skeleton (Volcano)
  A raiju (shapeshifter) (D:15)
  2 dream sheep (D:8)
  6 hippogriffs
  16 slime creatures
  A flying skull (Volcano)
  3 shadows
  2 wraiths
  8 wyverns
  67 redbacks
  8 spriggans
  A water elemental (D:14)
  11 tarantellas
  A basilisk (D:15)
  45 yaks
  2 steam dragons (Lair:6)
  2 hungry ghosts
  14 vampire mosquitoes
  23 swamp worms
  25 wargs
  A soldier ant (shapeshifter) (D:15)
  14 insubstantial wisps
  10 water moccasins
  3 hell hounds (Lair:6)
  9 porcupines
  A black bear (D:3)
  43 orc warriors
  An alligator simulacrum (IceCv)
  11 ice beasts
  6 sky beasts
  15 ogres
  7 swamp drakes
  A necrophage (D:2)
  20 wolves
  An eye of draining (D:10)
  3 phantoms
  16 centaurs
  12 crocodiles
  3 big kobolds (D:8)
  20 bullfrogs
  Blork the orc (D:6)
  A wyvern skeleton (D:9)
  3 scorpions
  The ghost of sagitran the Covered, a weakling BaFi (D:3)
  An oklob sapling (Swamp:2)
  19 wights
  8 howler monkeys
  5 electric eels
  A troll skeleton (Volcano)
  5 crimson imps
  A bullfrog zombie (D:10)
  3 draconian simulacra (IceCv)
  3 lava snakes (Lair:6)
  3 jellies
  11 hounds
  10 orc priests
  2 bullfrog skeletons
  5 iguanas
  14 orc wizards
  13 worker ants
  5 troll simulacra (IceCv)
  A killer bee zombie (D:8)
  3 wolf simulacra (IceCv)
  2 centaur simulacra (IceCv)
  2 naga skeletons (Volcano)
  A hound skeleton (D:8)
  A worker ant zombie (D:8)
  A gnoll (D:1)
  A howler monkey skeleton (D:10)
  9 adders
  5 naga simulacra (IceCv)
  5 ogre simulacra (IceCv)
  2 shadow imps
  12 white imps (IceCv)
  An adder skeleton (D:5)
  5 worms (D:2)
  2 dart slugs (D:2)
  8 leopard geckos
  75 orcs
  2 ball pythons (D:2)
  2 giant cockroaches (D:6)
  7 goblins
  10 hobgoblins
  6 jackals
  5 kobolds
  6 quokkas
  12 bats
  7 frilled lizards
  A jackal skeleton (D:4)
  A leopard gecko zombie (D:7)
  A quokka zombie (D:8)
  10 rats
  5 briar patches (Swamp:2)
  2 fungi (Swamp:2)
  2 plants
1087 creatures vanquished.

Vanquished Creatures (collateral kills)
  An orc warlord (Orc:1)
  A jumping spider (Spider:2)
  A hornet (Swamp:3)
  2 redbacks (Spider:2)
  2 tarantellas (Spider:2)
  3 vampire mosquitoes (Swamp:1)
10 creatures vanquished.

Vanquished Creatures (others)
  Nessos (Lair:4)
  A centaur warrior (D:14)
  2 flying skulls (Volcano)
  3 centaurs (D:13)
  An orc priest (D:15)
  An orc wizard (D:6)
  A briar patch (Swamp:2)
  20 fungi
  16 plants
46 creatures vanquished.

Grand Total: 1143 creatures vanquished

Notes
Turn   | Place    | Note
-------+----------+-------------------------------------------
     0 | D:1      | snldv the Hill Orc Fighter began the quest for the Orb.
     0 | D:1      | Reached XP level 1. HP: 19/19 MP: 1/1
   169 | D:1      | Reached XP level 2. HP: 27/27 MP: 2/2
   295 | D:1      | Reached skill level 4 in Fighting
   340 | D:1      | Reached XP level 3. HP: 31/33 MP: 3/3
   982 | D:2      | Reached XP level 4. HP: 29/41 MP: 4/4
  1306 | D:2      | Noticed a necrophage
  1320 | D:2      | Killed a necrophage
  1320 | D:2      | Reached XP level 5. HP: 36/45 MP: 5/5
  1341 | D:2      | Noticed a moth of wrath
  1343 | D:2      | Found a bloodstained altar of Trog.
  1869 | D:2      | Reached skill level 5 in Fighting
  2126 | D:3      | Noticed sagitran's ghost (weakling BaFi)
  2144 | D:3      | Killed sagitran's ghost
  2144 | D:3      | Reached XP level 6. HP: 39/54 MP: 6/6
  2176 | D:3      | Noticed a black bear
  2269 | D:3      | Found a stormy altar of Qazlal.
  2307 | D:3      | Found a glowing golden altar of the Shining One.
  2308 | D:3      | Found a runed door.
  2308 | D:3      | Noticed an angel
  2342 | D:3      | Killed a black bear
  2342 | D:3      | Reached skill level 5 in Armour
  2342 | D:3      | Reached skill level 5 in Shields
  2342 | D:3      | Reached XP level 7. HP: 55/60 MP: 7/7
  2939 | D:4      | Reached skill level 6 in Fighting
  3951 | D:5      | Entered Level 5 of the Dungeon
  4002 | D:4      | Reached skill level 5 in Long Blades
  4002 | D:4      | Reached XP level 8. HP: 57/71 MP: 8/8
  4139 | D:5      | Found a hazy altar of Hepliaklqana.
  4139 | D:5      | Found an ornate altar of the Wu Jian Council.
  4144 | D:5      | Found a faded altar of an unknown god.
  4146 | D:5      | Found a shimmering altar of Xom.
  4147 | D:5      | Found a faded altar of an unknown god.
  4470 | D:5      | Found a shattered altar of Ashenzari.
  4556 | D:5      | Reached skill level 7 in Fighting
  5528 | D:6      | Noticed Blork the orc
  5603 | D:6      | Killed Blork the orc
  5767 | D:6      | Reached XP level 9. HP: 34/80 MP: 9/9
  7007 | D:7      | Found a staircase to the Ecumenical Temple.
  7017 | Temple   | Entered the Ecumenical Temple
  7026 | Temple   | Became a worshipper of the Shining One
  7244 | D:7      | Reached skill level 8 in Fighting
  7667 | D:7      | Found an opulent altar of Gozag.
  8036 | D:8      | Found Sietteim's Weapon Boutique.
  8214 | D:8      | Found a sacrificial altar of Ru.
  8332 | D:8      | Found Koja's Weapon Shop.
  8396 | D:8      | Reached skill level 9 in Fighting
  8406 | D:8      | Reached * piety under the Shining One
  8418 | D:8      | Reached XP level 10. HP: 81/91 MP: 10/10
  8445 | D:8      | Noticed a two-headed ogre
  8450 | D:8      | Killed a two-headed ogre
  8728 | D:8      | Noticed a two-headed hydra
  8737 | D:8      | Killed a four-headed hydra
  8947 | D:8      | Found an opulent altar of Gozag.
  8949 | D:8      | Found Gozag's Platinum Reserve.
  9032 | D:8      | Found a snail-covered altar of Cheibriados.
  9096 | D:8      | Found Efentisats's Book Boutique.
  9256 | D:9      | Reached skill level 10 in Fighting
  9298 | D:9      | Found a staircase to the Orcish Mines.
 10026 | D:9      | Reached XP level 11. HP: 79/99 MP: 11/11
 10149 | D:9      | Reached skill level 10 in Shields
 10294 | D:10     | Entered Level 10 of the Dungeon
 10347 | D:10     | Noticed a manticore
 10359 | D:10     | Killed a manticore
 10408 | D:10     | Noticed a centaur warrior
 10462 | D:10     | Reached skill level 10 in Armour
 10466 | D:10     | Reached ** piety under the Shining One
 10732 | D:10     | Noticed a vault guard
 10883 | D:10     | Killed a centaur warrior
 10883 | D:10     | Reached skill level 10 in Long Blades
 11141 | D:10     | Killed a vault guard
 11423 | D:10     | Found a portal to a secret trove of treasure.
 11517 | D:11     | Noticed a two-headed ogre
 11535 | D:10     | Killed a two-headed ogre
 12115 | D:11     | Noticed a cyclops
 12129 | D:11     | Found a staircase to the Lair.
 12134 | D:11     | Reached *** piety under the Shining One
 12248 | D:11     | Noticed a brown ugly thing
 12572 | D:11     | Noticed a purple ugly thing
 12905 | D:11     | Reached XP level 12. HP: 106/106 MP: 12/12
 13303 | Lair:1   | Entered Level 1 of the Lair of Beasts
 14500 | Lair:2   | Reached **** piety under the Shining One
 15492 | Lair:3   | Found a staircase to the Swamp.
 15572 | Lair:3   | Found a hole to the Spider Nest.
 15610 | Lair:3   | Noticed a death yak
 15631 | Lair:3   | Noticed Fannar
 15655 | Lair:3   | Killed Fannar
 15687 | Lair:3   | Found a dark tunnel.
 15696 | Volcano  | Entered a volcano
 15873 | Volcano  | Reached XP level 13. HP: 92/113 MP: 9/13
 16429 | Lair:3   | Got a crude wooden ring
 17062 | Lair:4   | Got a heavily runed ring mail
 17063 | Lair:4   | Identified the ring "Tabruaru" {Fire *Corrode rElec Dex+3 Stlth+} (You found it on level 3 of the Lair of Beasts)
 17667 | Lair:4   | Noticed Nessos
 17680 | Lair:4   | Killed Nessos
 19092 | Lair:5   | Found a staircase to the Slime Pits.
 19391 | Lair:6   | Entered Level 6 of the Lair of Beasts
 19425 | Lair:5   | Reached XP level 14. HP: 92/121 MP: 14/14
 19817 | Lair:6   | Reached skill level 1 in Invocations
 21588 | Lair:6   | Reached skill level 5 in Invocations
 21741 | Lair:6   | Found a large runed door.
 21742 | Lair:6   | Found a large runed door.
 21745 | Lair:6   | Reached ***** piety under the Shining One
 21824 | Lair:6   | Reached skill level 15 in Shields
 21880 | Lair:6   | Got a smoking scale mail
 21891 | Lair:6   | Identified the +4 scale mail "Xaratur" {rF+} (You found it on level 6 of the Lair of Beasts)
 21928 | Lair:6   | Identified the +3 ring mail "Qikhate" {Int+3 Slay+3} (You found it on level 4 of the Lair of Beasts)
 22352 | D:12     | Reached skill level 1 in Dodging
 23004 | D:11     | Upgraded the game from 0.21-a0-264-g3e31e41 to 0.21-a0-265-gb353147
 23987 | D:12     | Reached skill level 11 in Fighting
 24049 | D:13     | Reached XP level 15. HP: 129/129 MP: 20/20
 24605 | D:13     | Found a gate to the Vaults.
 25053 | D:14     | Reached skill level 12 in Fighting
 25083 | D:14     | Found a frozen archway.
 25121 | IceCv    | Entered an ice cave
 25361 | IceCv    | Noticed Syneil's ghost (journeyman HOFi)
 25377 | IceCv    | Reached skill level 5 in Dodging
 25400 | IceCv    | Killed Syneil's ghost
 25400 | IceCv    | Reached skill level 10 in Invocations
 25439 | IceCv    | Reached ****** piety under the Shining One
 25677 | IceCv    | Found an ancient bone altar of Kikubaaqudgha.
 26562 | D:14     | Noticed Sonja
 26566 | D:14     | Killed Sonja
 26712 | D:14     | Found a burning altar of Makhleb.
 26746 | D:15     | Entered Level 15 of the Dungeon
 27027 | D:15     | Reached skill level 13 in Fighting
 27343 | D:15     | Reached XP level 16. HP: 143/143 MP: 24/24
 28078 | D:15     | Found a staircase to the Depths.
 28236 | Orc:1    | Entered Level 1 of the Orcish Mines
 28236 | Orc:1    | Noticed Harold
 28260 | D:9      | Killed Harold
 28789 | Orc:2    | Entered Level 2 of the Orcish Mines
 28789 | Orc:2    | Found Xogoeg's Antique Weapon Shoppe.
 29101 | Orc:2    | Found Kaadib's Jewellery Shoppe.
 29370 | Orc:2    | Reached skill level 14 in Fighting
 29595 | Orc:2    | Found a staircase to the Elven Halls.
 29696 | Orc:2    | Found Rudeh's General Store.
 29809 | Orc:2    | Found Quryu's Antique Armour Shop.
 30181 | Orc:1    | Found a roughly hewn altar of Beogh.
 30501 | Swamp:1  | Entered Level 1 of the Swamp
 31812 | Swamp:2  | Noticed a thorn hunter
 31828 | Swamp:2  | Noticed a thorn hunter
 31833 | Swamp:2  | Killed a thorn hunter
 31841 | Swamp:2  | Killed a thorn hunter
 31920 | Swamp:2  | Noticed a thorn hunter
 31938 | Swamp:2  | Killed a thorn hunter
 32269 | Swamp:2  | Reached XP level 17. HP: 149/154 MP: 27/27
 32504 | Swamp:2  | Reached skill level 15 in Fighting
 34168 | Swamp:4  | Entered Level 4 of the Swamp
 34717 | Swamp:4  | Paralysed by a hornet for 1 turns
 34724 | Swamp:3  | Identified a +9 scimitar of holy wrath (a +9 scimitar of protection blessed by the Shining One)
 34724 | Swamp:3  | Received a gift from the Shining One
 35866 | Swamp:4  | Identified the Reference Book on the Ashen Birds
 35911 | Swamp:4  | Noticed Aizul
 36970 | Swamp:4  | Killed Aizul
 36970 | Swamp:4  | Reached skill level 15 in Invocations
 38065 | Swamp:4  | Noticed the 27-headed Lernaean hydra
 38070 | Swamp:3  | Reached skill level 16 in Fighting
 38594 | Spider:1 | Entered Level 1 of the Spider Nest
 39401 | Spider:1 | Reached skill level 10 in Dodging
 40104 | Spider:1 | Reached XP level 18. HP: 157/168 MP: 13/29
 40425 | Spider:2 | Noticed Jorgrun
 40435 | Spider:2 | Killed Jorgrun
 41534 | Spider:3 | Reached skill level 17 in Fighting
 41539 | Spider:3 | Noticed Donald
 41543 | Spider:3 | Slain by a wolf spider

Vault maps used:
D:1:      dpeg_arrival_boxes_within_box, minmay_ruptured
D:2:      tgw_trog, hangedman_decor_diamond_cutter
D:3:      nicolae_qazlal_eye_of_the_storm, lemuel_angel_altar
D:4:      first_bread
D:5:      cheibrodos_ashenzari_chains, chequers_temple_overflow_minitemple,
          serial_bayou_pond_c
D:6:      uniq_blork_the_orc
D:7:      nicolae_overflow_crystal_walls, temple_hall, serial_co_window_serial,
          co_window_paths_a, co_window_cross_1, co_window_corner_a,
          co_window_corner_a, co_window_corner_a, co_window_paths_b,
          co_window_of_opportunity_c, co_window_corner_b,
          co_window_of_opportunity_b, co_window_broadway_a,
          co_window_unsneaky_path_e, co_window_4corner_a, glass_columns_a,
          glass_columns_b, glass_columns_a, glass_columns_c, glass_columns_a
D:8:      lemuel_doored_altar, lemuel_round_altar, serial_shops,
          nicolae_shop_statue_plus, shop_statue, nicolae_shop_window_shopping,
          hangedman_ranch, hangedman_decor_lopped,
          nicolae_gozag_zags_fifth_avenue
D:9:      minmay_orc_entry_guard_dogs
D:10:     enter_trove_5, corexii_corridor_pit, minmay_misc_feat_cross
D:11:     dpeg_oklobed_lair
D:12:     lemuel_castle_with_subvaults, grunt_ministairs_2
D:13:     david_vaults_5
D:14:     portal_ice_cave_entry_pillars_1, serial_bayou_ford_a, basic_altar,
          stair_cage_cross, grunt_ministairs_1, wad_dig_loot, uniq_sonja
D:15:     gammafunk_enter_depths_forms, minmay_misc_feat_tower
Temple:   dshaligram_water_room_temple
Lair:1:   lemuel_fruit_tree
Lair:3:   swamp_mist, spider_nest_entry_a, nicolae_volcano_entry_vermiform,
          grunt_forest_large_clearing_hut, uniq_fannar
Lair:4:   st_stairs_3, uniq_nessos
Lair:5:   slime_dummy, minmay_lair_oklob_chamber, grunt_megastairs_4,
          serial_bayou_shore_a
Lair:6:   cheibrodos_lair_end_hotspot
Swamp:1:  evilmike_swamp_ruin_house_4, swamp_pool1
Swamp:2:  nicolae_swamp_phyte_club, evilmike_swamp_ruin_house_6,
          water_boxes_lemuel
Swamp:3:  nicolae_swamp_fairy_circle
Swamp:4:  swamp_alternative, uniq_aizul
Spider:2: spider_trap, uniq_jorgrun
Spider:3: uniq_donald
Orc:1:    basic_altar, uniq_harold
Orc:2:    grunt_orc_gardens, grunt_orc_garden, grunt_orc_garden,
          grunt_orc_garden, grunt_orc_garden
IceCv:    ice_cave_small_necro
Volcano:  volcano_tomb

Skill      XL: |  1  2  3  4  5  6  7  8  9 10 11 12 13 14 15 16 17 18 |
---------------+-------------------------------------------------------+-----
Fighting       | 4 5 6 7 9 10 11 13 14 16 17 | 17.0
Armour         | 4 5 6 8 9 11 12 14 | 14.8
Long Blades    | 3 4 5 6 7 9 10 12 13 14 | 14.1
Shields        | 4 5 6 7 8 9 11 12 14 15 | 15.0
Invocations    | 7 11 13 15 16 | 16.6
Dodging        | 2 6 8 10 | 10.8

Action                   |  1- 3 |  4- 6 |  7- 9 | 10-12 | 13-15 | 16-18 || total
-------------------------+-------+-------+-------+-------+-------+-------++-------
Melee: Long sword        |   116 |   169 |   562 |   349 |       |       ||  1196
       Scimitar          |       |       |       |   378 |  1376 |   952 ||  2706
       Great sword       |       |       |       |       |   136 |   403 ||   539
Throw: Javelin           |       |       |    12 |     2 |    12 |     6 ||    32
Invok: Divine Shield     |       |       |       |     5 |    11 |    10 ||    26
       Cleansing Flame   |       |       |       |       |    11 |    24 ||    35
       Summon Divine War |       |       |       |       |       |     5 ||     5
       Brand Weapon With |       |       |       |       |       |     1 ||     1
Evoke: Wand              |       |       |     5 |    12 |     1 |     8 ||    26
  Use: Potion            |     1 |     1 |     7 |     5 |     5 |    11 ||    30
       Scroll            |     5 |       |     7 |    19 |    12 |    18 ||    61
  Eat: Chunk             |       |     5 |    12 |    17 |    23 |    11 ||    68
       Bread ration      |       |       |     2 |       |     2 |     2 ||     6
       Fruit             |       |       |     7 |     1 |     5 |     5 ||    18
       Meat ration       |       |       |     3 |     1 |     1 |     6 ||    11
       Royal jelly       |       |       |     2 |     1 |       |     1 ||     4
Armor: Scale mail        |    75 |    19 |    83 |       |       |       ||   177
       Plate armour      |       |    96 |   197 |   393 |   248 |   558 ||  1492
       Skin              |       |       |     8 |       |       |       ||     8
       Chain mail        |       |       |       |       |   376 |       ||   376
       Swamp dragon scal |       |       |       |       |       |   382 ||   382
Dodge: Dodged            |    39 |    31 |   144 |   204 |   424 |   775 ||  1617
Block: Shield            |    74 |    85 |    59 |       |   981 |   949 ||  2148
       Buckler           |       |       |   114 |   208 |    28 |       ||   350
       Other             |       |       |       |       |    16 |    65 ||    81
       Reflection        |       |       |       |       |    50 |     6 ||    56
       Rpst.: Long sword |    12 |    10 |    47 |    34 |       |       ||   103
       Scimitar          |       |       |       |    29 |    70 |    89 ||   188
       Great sword       |       |       |       |       |    17 |    46 ||    63

Table legend:
 A = Spawn XP
 B = Non-spawn XP
 C = Spawn XP percentage of total XP
 D = Spawn monster count
 E = Non-spawn monster count
 F = Spawn count percentage of total count
 G = Total turns spent on level
                    A         B        C        D         E        F      G
               +---------+---------+-------+---------+---------+-------+---------
         Total |       0 |  274375 |   0.0 |       0 |    1095 |   0.0 | 41543
               +---------+---------+-------+---------+---------+-------+---------
           D:1 |       0 |      58 |   0.0 |       0 |      27 |   0.0 |  1016
           D:2 |       0 |     255 |   0.0 |       0 |      38 |   0.0 |  1137
           D:3 |       0 |     342 |   0.0 |       0 |      13 |   0.0 |   525
           D:4 |       0 |     586 |   0.0 |       0 |      17 |   0.0 |  1285
           D:5 |       0 |     535 |   0.0 |       0 |      14 |   0.0 |  1497
           D:6 |       0 |     941 |   0.0 |       0 |      24 |   0.0 |  1517
           D:7 |       0 |     741 |   0.0 |       0 |      13 |   0.0 |  1029
           D:8 |       0 |    3976 |   0.0 |       0 |      26 |   0.0 |  1156
           D:9 |       0 |    3393 |   0.0 |       0 |      28 |   0.0 |  1330
          D:10 |       0 |    5053 |   0.0 |       0 |      32 |   0.0 |  1669
          D:11 |       0 |    6605 |   0.0 |       0 |      46 |   0.0 |  1646
          D:12 |       0 |   11166 |   0.0 |       0 |      76 |   0.0 |  1551
          D:13 |       0 |   16025 |   0.0 |       0 |      30 |   0.0 |   985
          D:14 |       0 |    8581 |   0.0 |       0 |      26 |   0.0 |   746
          D:15 |       0 |   18714 |   0.0 |       0 |      46 |   0.0 |  1380
        Lair:1 |       0 |    5660 |   0.0 |       0 |      31 |   0.0 |  1235
        Lair:2 |       0 |    3753 |   0.0 |       0 |      16 |   0.0 |  1061
        Lair:3 |       0 |    7377 |   0.0 |       0 |      16 |   0.0 |  1227
        Lair:4 |       0 |    8450 |   0.0 |       0 |      27 |   0.0 |   918
        Lair:5 |       0 |    5893 |   0.0 |       0 |      23 |   0.0 |  1639
        Lair:6 |       0 |   19355 |   0.0 |       0 |      67 |   0.0 |  2571
       Swamp:1 |       0 |   14805 |   0.0 |       0 |      41 |   0.0 |  1193
       Swamp:2 |       0 |   17666 |   0.0 |       0 |      36 |   0.0 |  1283
       Swamp:3 |       0 |   20194 |   0.0 |       0 |      50 |   0.0 |  4857
       Swamp:4 |       0 |   15915 |   0.0 |       0 |      30 |   0.0 |   613
      Spider:1 |       0 |   20775 |   0.0 |       0 |      56 |   0.0 |  1993
      Spider:2 |       0 |   20755 |   0.0 |       0 |      68 |   0.0 |   763
      Spider:3 |       0 |    8361 |   0.0 |       0 |      18 |   0.0 |   193
         Orc:1 |       0 |    8069 |   0.0 |       0 |      26 |   0.0 |   884
         Orc:2 |       0 |    8819 |   0.0 |       0 |      68 |   0.0 |  1110
         IceCv |       0 |    7649 |   0.0 |       0 |      55 |   0.0 |   992
       Volcano |       0 |    3908 |   0.0 |       0 |      11 |   0.0 |   515
               +---------+---------+-------+---------+---------+-------+---------
